 Dungeon Crawl Stone Soup version 0.27-a0-887-gcab673c142 (webtiles) character file.

Game seed: 12933901337516773741

3441 jestyr24 the Arsonist (level 10, -12/70 HPs)
             Began as a Human Fire Elementalist on Apr 3, 2021.
             Was a Priest of Vehumet.
             Shot with an arrow by a centaur warrior (19 damage)
             ... on level 8 of the Dungeon.
             The game lasted 01:15:55 (9788 turns).

jestyr24 the Arsonist (Human Fire Elementalist)     Turns: 9788, Time: 01:15:56

Health: -12/70     AC:  5    Str: 13    XL:     10   Next: 26%
Magic:  9/21       EV: 12    Int: 18    God:    Vehumet [***...]
Gold:   612        SH:  5    Dex: 14    Spells: 13/24 levels left

rFire    + + .     SeeInvis .   d - staff of fire
rCold    x . .     Faith    .   (no shield)
rNeg     . . .     Spirit   .   a - +0 robe
rPois    .         Reflect  +   (helmet restricted)
rElec    .         Harm     .   (no cloak)
rCorr    .         Rampage  .   l - +1 pair of gloves
Will     .....                  x - +0 pair of boots
Stlth    ++........             b - amulet of reflection
HPRegen  0.21/turn              g - ring of fire
MPRegen  0.17/turn              z - ring "Papheumm" {Wiz Str+4 Slay+3}

@: invisible
A: horns 1, talons 1, mutation resistance 1
a: Renounce Religion


You were on level 8 of the Dungeon.
You worshipped Vehumet.
Vehumet was most pleased with you.
You visited 2 branches of the dungeon, and saw 9 of its levels.

You collected 612 gold pieces.

Inventory:

Hand Weapons
 k - a +0 dagger of pain
 r - a +2 vorpal flail
 u - a +0 dagger of holy wrath
 I - a +4 dire flail
 N - a +0 hand crossbow
Missiles
 f - 31 poisoned darts (quivered)
 m - 198 stones
 p - 4 atropa-tipped darts
 q - 5 boomerangs of dispersal
 G - a throwing net
 J - 5 javelins
 L - a curare-tipped dart
 M - 4 silver boomerangs
Armour
 a - a +0 robe (worn)
 j - a +2 chain mail of fire resistance
 l - a +1 pair of gloves (worn)
 x - a +0 pair of boots (worn)
 y - a +0 pair of boots
Magical Staves
 d - a staff of fire (weapon)
 e - a staff of conjuration
Jewellery
 b - an amulet of reflection (around neck)
 g - a ring of fire (left hand)
 i - an amulet of faith
 z - the ring "Papheumm" (right hand) {Wiz Str+4 Slay+3}
   (You took it off an orc priest on level 7 of the Dungeon)

   [ring of wizardry]

   It improves your spell success rate.
   It affects your strength (+4).
   It affects your accuracy and damage with ranged weapons and melee attacks
   (+3).
 E - a ring of positive energy
Wands
 w - a wand of mindburst (13)
 D - a wand of flame (51)
Scrolls
 n - 3 scrolls of fog
 o - 2 scrolls of magic mapping
 s - a scroll of teleportation
 v - a scroll of holy word
 B - a scroll of fear
 F - a scroll of enchant armour
 H - a scroll of blinking
 K - a scroll of torment {unknown}
Potions
 c - 3 potions of haste
 h - a potion of curing
 t - a potion of flight
 C - a potion of mutation


   Skills:
 * Level 3.4 Fighting
 - Level 0.5 Staves
 - Level 2.5 Dodging
 - Level 2.7 Stealth
 - Level 0.2 Shields
 + Level 7.6 Spellcasting
 + Level 4.7 Conjurations
 - Level 4.7 Hexes
 + Level 8.2 Fire Magic
 - Level 1.5 Evocations


You had 13 spell levels left.
You knew the following spells:

 Your Spells              Type           Power      Damage    Failure   Level
a - Foxfire               Conj/Fire      100%       2x1d9     1%          1
b - Inner Flame           Hex/Fire       62%        N/A       1%          3
c - Searing Ray           Conj           46%        3d4       1%          2
d - Fireball              Conj/Fire      31%        3d13      2%          5

Your spell library contained the following spells:

 Spells                   Type           Power      Damage    Failure   Level
 Stone Arrow              Conj/Erth      30%        3d8       1%          3
 Magic Dart               Conj           92%        1d7       1%          1
 Conjure Flame            Conj/Fire      62%        6-21      1%          3
 Dazzling Flash           Conj/Hex       46%        N/A       1%          3
 Fulminant Prism          Conj/Hex       11%        3d9       1%          4
 Sticky Flame             Conj/Fire      62%        2d8       1%          4
 Iskenderun's Mystic Bla  Conj/Tloc      15%        2d5       4%          4


Dungeon Overview and Level Annotations

Branches:
Dungeon (8/15)             Temple (1/1) D:5
   Lair: D:8-11

Altars:
Ashenzari
Cheibriados
Dithmenos
Elyvilon
Fedhas
Gozag
Hepliaklqana
Kikubaaqudgha
Makhleb
Nemelex Xobeh
Okawaru
Qazlal
Ru
Sif Muna
Trog
Uskayaw
Vehumet
Wu Jian
Yredelemnul
Zin
The Shining One
Beogh

Portals:
Abyss: D:6

Annotations:
D:6 2 transporters, sizableburger's ghost, novice HuBr
Temple Dowan, Duvessa


Innate Abilities, Weirdness & Mutations

You have a pair of small horns on your head.
You have sharp toenails.
You are somewhat resistant to further mutation.


Message History

Confirm with . or Enter, or press ? or * to list all spells.
You feel a strong surge of power!
You conjure some foxfire!
The meliai barely misses you.
The meliai hits your foxfire with a +0 hand axe.
The meliai hits your foxfire with a +0 hand axe!
The meliai stings you!
The meliai calls down the wrath of its god upon you.
Something smites you!
The foxfire hits the meliai.
Vehumet accepts your kill.
Vehumet is now aiding your destructive spells.
You feel your power returning.
The meliai explodes!
The fiery explosion engulfs your foxfire.
Your foxfire completely resists.
Your foxfire is heavily damaged.
The fiery explosion engulfs your foxfire.
Your foxfire completely resists.
Your foxfire is lightly damaged.
You hear a shout!
You hear a roar!
You hear a croak.
You hear a shout!
You start resting.
Your foxfire dissipates!
You start resting.
A centaur warrior comes into view.
Casting: Foxfire (safe; 1% risk of failure)
Confirm with . or Enter, or press ? or * to list all spells.
Aiming: Inner Flame (safe; 1% risk of failure)
Press: ? - help, Shift-Dir - straight line, f - centaur warrior
Aim: a centaur warrior, quivering arrows (chance to affect: 88%)
You feel a strong surge of power!
The centaur warrior is filled with an inner flame.
The centaur warrior wields a +0 shortbow.
The centaur warrior shoots an arrow.
The arrow hits you!
You hear a horrible gurgling sound!
The centaur warrior shoots an arrow.
The arrow hits you!
* * * LOW HITPOINT WARNING * * *
You fade into invisibility!
A centaur comes into view.
The centaur warrior shoots an arrow.
The arrow hits you!!
You die...

##### #.... #...
#..# #..# #..#
############.§# #
#.........@..§##.#.#
#....########§.)c.#
#....# #[##c#.#
#....# #.# #
#....### #.#
##.....# #.# #.....#
#.# #.....# #[#
#.....# #.#


You could see a centaur warrior (inner flame) and a centaur (wandering).

Vanquished Creatures
  A meliai (D:8)
  4 yaks (D:8)
  3 sky beasts
  2 ice beasts (D:6)
  2 black bears (D:6)
  2 ogres
  2 kobold brigands (D:8)
  Blork the orc (D:6)
  4 bullfrogs
  A gnoll sergeant (D:7)
  A scorpion (D:7)
  A killer bee (D:8)
  5 wights (D:8)
  A howler monkey (D:5)
  3 jellies
  A centaur skeleton (D:7)
  2 orc priests
  5 hounds
  A gnoll shaman (D:8)
  2 iguanas
  9 orc wizards
  2 hound skeletons (D:4)
  A howler monkey zombie (D:7)
  A howler monkey skeleton (D:7)
  13 gnolls
  2 adders
  2 white imps
  An ufetubus (D:6)
  2 adder skeletons
  A worm (D:4)
  5 dart slugs
  35 orcs
  5 bats (D:1)
  3 endoplasms
  A giant cockroach (D:1)
  7 goblins
  5 hobgoblins
  2 jackals (D:1)
  9 kobolds
  A quokka (D:2)
  8 ball pythons
  4 rats
163 creatures vanquished.

Vanquished Creatures (others)
  417 foxfires
417 creatures vanquished.

Grand Total: 580 creatures vanquished

Notes
Turn   | Place    | Note
-------+----------+-------------------------------------------
     0 | D:1      | jestyr24 the Human Fire Elementalist began the quest for
                  | the Orb.
     0 | D:1      | Reached XP level 1. HP: 13/13 MP: 3/3
   200 | D:1      | Reached XP level 2. HP: 19/19 MP: 3/5
   709 | D:1      | Reached XP level 3. HP: 24/24 MP: 1/6
  1586 | D:2      | Reached XP level 4. HP: 30/30 MP: 5/7
  2110 | D:3      | Found a sacrificial altar of Ru.
  2758 | D:4      | Reached skill level 4 in Fire Magic
  2863 | D:4      | Reached XP level 5. HP: 35/35 MP: 3/9
  3238 | D:4      | Reached skill level 1 in Evocations
  3242 | D:4      | Learned a level 3 spell: Inner Flame
  3668 | D:5      | Entered Level 5 of the Dungeon
  3670 | D:5      | Gained mutation: Your magical capacity is low. (-10% MP)
                  | [potion of mutation]
  3670 | D:5      | Gained mutation: Armour fits poorly on your strangely
                  | shaped body. [potion of mutation]
  3670 | D:5      | Gained mutation: Your magical capacity is very low. (-20%
                  | MP) [potion of mutation]
  3670 | D:5      | Gained mutation: You are partially covered in iridescent
                  | scales. (AC +2) [potion of mutation]
  3729 | D:5      | Found a staircase to the Ecumenical Temple.
  3738 | Temple   | Entered the Ecumenical Temple
  3970 | Temple   | Became a worshipper of Vehumet
  4044 | D:5      | Reached XP level 6. HP: 42/42 MP: 5/8
  4101 | D:5      | Noticed Dowan
  4105 | D:5      | Noticed Duvessa
  4212 | D:5      | Noticed an ogre
  4219 | D:5      | Killed an ogre
  4220 | D:5      | Reached skill level 1 in Hexes
  4257 | D:5      | Noticed a sky beast
  4334 | D:5      | Lost mutation: You are partially covered in iridescent
                  | scales. (AC +2) [potion of mutation]
  4334 | D:5      | Lost mutation: Armour fits poorly on your strangely shaped
                  | body. [potion of mutation]
  4334 | D:5      | Gained mutation: You have a pair of small horns on your
                  | head. [potion of mutation]
  4334 | D:5      | Gained mutation: You have sharp toenails. [potion of
                  | mutation]
  4416 | D:5      | Killed a sky beast
  4417 | D:5      | Reached skill level 5 in Fire Magic
  4417 | D:5      | Reached XP level 7. HP: 26/47 MP: 4/9
  5172 | D:5      | Found a runed translucent door.
  5514 | D:5      | Reached * piety under Vehumet
  5514 | D:5      | Offered knowledge of Freeze by Vehumet.
  6344 | D:6      | Reached skill level 1 in Fighting
  6344 | D:6      | Reached skill level 6 in Fire Magic
  6344 | D:6      | Reached XP level 8. HP: 54/54 MP: 2/10
  6507 | D:6      | Found a transporter.
  6508 | D:6      | Found a transporter.
  6512 | D:6      | Noticed sizableburger's ghost (novice HuBr)
  6526 | D:6      | Found a one-way gate to the infinite horrors of the Abyss.
  6664 | D:6      | Learned a level 2 spell: Searing Ray
  7047 | D:6      | Reached skill level 5 in Spellcasting
  7126 | D:6      | Noticed Blork the orc
  7133 | D:6      | Killed Blork the orc
  7134 | D:6      | Reached XP level 9. HP: 53/61 MP: 7/13
  7154 | D:6      | Offered knowledge of Shock by Vehumet.
  7780 | D:6      | Learned a level 5 spell: Fireball
  7811 | D:7      | Reached ** piety under Vehumet
  8065 | D:7      | Found a sparkling altar of Nemelex Xobeh.
  8088 | D:7      | Found an opulent altar of Gozag.
  8092 | D:7      | Identified the ring "Papheumm" {Wiz Str+4 Slay+3}
  8240 | D:7      | Identified a scroll of acquirement
  8241 | D:7      | Acquired a ring of fire
  8336 | D:7      | Lost mutation: Your magical capacity is very low. (-20% MP)
                  | [potion of mutation]
  8336 | D:7      | Lost mutation: Your magical capacity is low. (-10% MP)
                  | [potion of mutation]
  8336 | D:7      | Gained mutation: You are somewhat resistant to further
                  | mutation. [potion of mutation]
  8573 | D:7      | Reached skill level 7 in Fire Magic
  9361 | D:8      | Offered knowledge of Stone Arrow by Vehumet.
  9441 | D:8      | Reached XP level 10. HP: 65/70 MP: 1/20
  9637 | D:8      | Reached skill level 8 in Fire Magic
  9781 | D:8      | Reached *** piety under Vehumet
  9785 | D:8      | Noticed a centaur warrior
  9788 | D:8      | Shot with an arrow by a centaur warrior

Illustrated notes

Levels and vault maps discovered:
D:1:      tarquinn_simple_flora_water_e, layout_loops_corners,
          minmay_pentomino_p4
D:2:      layout_basic
D:3:      layout_loops_cross, nicolae_ru_awakened_eye, minmay_fractal_squares_5
D:4:      layout_loops_ring
D:5:      layout_basic, minmay_temple_entry_antechambers,
          chequers_hall_statues_y, kennysheep_nub, lightli_church_of_beogh,
          uniq_duvessa
D:6:      layout_cave_pods, gammafunk_ghost_abyssal_escape,
          minmay_misc_feat_enclosed, uniq_blork_the_orc
D:7:      layout_basic, kennysheep_mini, amcnicky_altar_gilded
D:8:      layout_rooms, minmay_the_grid_2x2 [minmay_the_grid_minigrid_small_alt,
          minmay_the_grid_embedded, minmay_the_grid_odd_star,
          minmay_the_grid_prize_big_room]
Temple:   eino_narrow_crystal_temple

Skill      XL: |  1  2  3  4  5  6  7  8  9 10 |
---------------+-------------------------------+-----
Fire Magic     | 4 5 6 7 8 |  8.2
Spellcasting   | 3 5 6 7 |  7.6
Conjurations   | 2 3 4 |  4.7
Evocations     | 1 |  1.5
Hexes          | 2 3 4 |  4.7
Fighting       | 1 2 3 |  3.4
Staves         | |  0.5
Dodging        | |  2.5
Stealth        | |  2.7
Shields        | |  0.2

Action                   |  1- 3 |  4- 6 |  7- 9 | 10-12 || total
-------------------------+-------+-------+-------+-------++-------
Melee: Unarmed           |     8 |       |       |       ||     8
       Staff             |    14 |    28 |    36 |     1 ||    79
       Headbutt          |       |       |     5 |       ||     5
Throw: Dart              |       |       |     3 |       ||     3
 Cast: Foxfire           |    42 |    70 |   126 |    12 ||   250
       Inner Flame       |       |       |    53 |     7 ||    60
       Searing Ray       |       |       |    12 |       ||    12
  Use: Scroll            |       |     6 |     9 |     1 ||    16
       Potion            |       |     6 |     2 |     1 ||     9
 Stab: Distracted        |       |       |     1 |       ||     1
Armor: Robe              |     9 |     5 |    17 |       ||    31
Dodge: Dodged            |    24 |    22 |    38 |     4 ||    88
Block: Other             |     1 |     8 |    15 |       ||    24

Table legend: (Time is in decaauts)
 A = Elapsed time spent in this place.
 B = Non-inter-level travel time spent in this place.
 C = Inter-level travel time spent in this place.
 D = Time resting spent in this place.
 E = Time spent auto-exploring this place.
 F = Levels seen in this place.
 G = Mean time per level.
                   A        B        C        D        E       F      G
               +--------+--------+--------+--------+--------+-----+--------+
         Total |   9808 |   9419 |    389 |   1820 |   4931 |   9 | 1089.8 |
       Dungeon |   9496 |   9138 |    358 |   1784 |   4717 |   8 | 1187.0 |
        Temple |    311 |    280 |     31 |     36 |    214 |   1 |  311.0 |
               +--------+--------+--------+--------+--------+-----+--------+

Top non-repeatable levels by time:
     D:5: 2325 daAuts
     D:7: 1674 daAuts
     D:6: 1492 daAuts
     D:1: 1198 daAuts
     D:4: 957 daAuts
     D:3: 791 daAuts
     D:2: 728 daAuts
     D:8: 327 daAuts
  Temple: 311 daAuts
